3023 views
Uploaded 2020-03-29 15:52:04
Game version 1.32.3
19:53 long 2on2 ladder game on (4)SynergyBigPaved
Saved by Herzim
3023 views
Uploaded 2020-03-29 15:52:04
Game version 1.32.3
19:53 long 2on2 ladder game on (4)SynergyBigPaved


91 units @ 13.6k
/ 2.1k
31 buildings @ 5.3k
/ 2.2k


| Healing Salve | 2 | 200 |
| Scroll of Town Portal | 1 | 350 |
| total: | 3 | 550g |
| Peon | 8 | 600 | / | 0 |
| Grunt | 13 | 2600 | / | 0 |
| Shaman | 7 | 910 | / | 140 |
| Tauren | 9 | 2520 | / | 720 |
| total: | 37 | 6630g | / | 860w |
| Altar of Storms | 1 | 180 | / | 50 |
| Orc Burrow | 8 | 1280 | / | 320 |
| Barracks | 1 | 180 | / | 50 |
| Voodoo Lounge | 1 | 130 | / | 30 |
| War Mill | 1 | 205 | / | 0 |
| Tauren Totem | 1 | 135 | / | 155 |
| Spirit Lodge | 1 | 150 | / | 150 |
| Stronghold | 1 | 315 | / | 190 |
| Fortress | 1 | 325 | / | 190 |
| total: | 14 | 2260g | / | 755w |
| 0:04 | Altar of Storms |
| 0:07 | Peon |
| 0:07 | Peon |
| 0:09 | Peon |
| 0:25 | Orc Burrow |
| 0:53 | Peon |
| 0:55 | Barracks |
| 0:57 | Peon |
| 1:22 | Peon |
| 1:41 | Peon |
| 1:51 | Peon |
| 1:55 | Orc Burrow |
| 2:06 | Orc Burrow |
| 2:22 | Wind Walk |
| 3:01 | Grunt |
| 3:33 | Grunt |
| 3:35 | Voodoo Lounge |
| 3:38 | War Mill |
| 3:40 | Stronghold |
| 4:20 | Critical Strike |
| 4:23 | Grunt |
| 4:26 | Grunt |
| 4:40 | Orc Burrow |
| 5:08 | Grunt |
| 5:32 | Grunt |
| 6:03 | Tauren Totem |
| 6:06 | Steel Melee Weapons |
| 6:18 | Healing Salve |
| 6:20 | Grunt |
| 6:21 | Berserker Strength |
| 6:33 | Spirit Lodge |
| 7:00 | Critical Strike |
| 8:07 | Grunt |
| 8:10 | Fortress |
| 8:17 | War Stomp |
| 8:40 | Grunt |
| 8:41 | Grunt |
| 9:30 | Grunt |
| 9:44 | Shaman |
| 9:45 | Shaman |
| 10:13 | Grunt |
| 10:14 | Grunt |
| 10:52 | Healing Salve |
| 10:53 | Scroll of Town Portal |
| 11:02 | Tauren |
| 11:10 | Orc Burrow |
| 11:33 | Thorium Melee Weapons |
| 11:40 | Shaman Adept Training |
| 12:07 | Tauren |
| 12:48 | Endurance Aura |
| 12:53 | Wind Walk |
| 13:17 | Tauren |
| 13:17 | Tauren |
| 13:22 | Shaman Master Training |
| 13:37 | Tauren |
| 14:12 | Endurance Aura |
| 14:24 | Tauren |
| 14:26 | Shaman |
| 14:26 | Shaman |
| 14:30 | Arcanite Melee Weapons |
| 14:44 | Pulverize |
| 15:08 | Shaman |
| 15:11 | Tauren |
| 15:20 | Orc Burrow |
| 15:41 | Shaman |
| 16:12 | Shaman |
| 16:16 | Orc Burrow |
| 17:30 | Critical Strike |
| 18:19 | Tauren |
| 18:20 | Tauren |
| 18:37 | Steel Armor |
| 18:42 | Orc Burrow |
| 19:42 | War Stomp |
| Right click | 819 |
| Select group | 550 |
| Select | 260 |
| Misc. action | 104 |
| Build/train/purchase | 83 |
| Assign group | 48 |
| Use ability | 11 |
| Esc | 6 |
| Item give/drop | 2 |
| Minimap ping | 2 |


| Lesser Clarity Potion | 3 | 210 |
| Potion of Mana | 1 | 200 |
| Moonstone | 1 | 50 |
| Orb of Venom | 1 | 325 |
| Staff of Preservation | 1 | 150 |
| Scroll of Town Portal | 1 | 350 |
| Potion of Lesser Invulnerability | 1 | 150 |
| Scroll of Speed | 1 | 50 |
| total: | 10 | 1485g |
| Wisp | 21 | 1260 | / | 0 |
| Archer | 9 | 1170 | / | 90 |
| Dryad | 10 | 1450 | / | 600 |
| Druid of the Talon | 4 | 580 | / | 80 |
| Faerie Dragon | 3 | 465 | / | 75 |
| Chimaera | 5 | 1650 | / | 350 |
| Hippogryph | 1 | 160 | / | 20 |
| Ice Troll Trapper | 1 | 200 | / | 20 |
| total: | 54 | 6935g | / | 1235w |
| Altar of Elders | 1 | 180 | / | 50 |
| Moon Well | 8 | 1440 | / | 320 |
| Ancient of War | 1 | 150 | / | 60 |
| Hunter's Hall | 1 | 210 | / | 100 |
| Tree of Life | 1 | 340 | / | 185 |
| Ancient of Wonders | 1 | 90 | / | 30 |
| Ancient of Lore | 1 | 155 | / | 145 |
| Ancient of Wind | 1 | 150 | / | 140 |
| Chimaera Roost | 2 | 280 | / | 380 |
| Tree of Ages | 1 | 320 | / | 180 |
| Tree of Eternity | 1 | 330 | / | 200 |
| total: | 17 | 2995g | / | 1410w |
| 0:02 | Wisp |
| 0:02 | Wisp |
| 0:02 | Wisp |
| 0:06 | Altar of Elders |
| 0:17 | Moon Well |
| 0:26 | Ancient of War |
| 0:28 | Wisp |
| 0:35 | Wisp |
| 0:45 | Wisp |
| 0:51 | Wisp |
| 0:58 | Wisp |
| 1:10 | Wisp |
| 1:26 | Archer |
| 1:32 | Moon Well |
| 1:45 | Archer |
| 2:03 | Archer |
| 2:05 | Force of Nature |
| 2:17 | Archer |
| 2:25 | Wisp |
| 2:45 | Tree of Ages |
| 3:07 | Ice Troll Trapper |
| 3:15 | Entangling Roots |
| 3:20 | Archer |
| 3:28 | Moon Well |
| 4:04 | Hunter's Hall |
| 4:30 | Archer |
| 4:50 | Tree of Life |
| 5:12 | Wisp |
| 5:13 | Wisp |
| 5:21 | Force of Nature |
| 5:42 | Ancient of Lore |
| 6:00 | Moon Well |
| 6:13 | Ancient of Wind |
| 6:31 | Trueshot Aura |
| 6:55 | Archer |
| 6:56 | Dryad |
| 7:00 | Moon Well |
| 7:03 | Wisp |
| 7:15 | Lesser Clarity Potion |
| 7:15 | Scroll of Speed |
| 7:51 | Dryad |
| 7:52 | Druid of the Talon |
| 7:54 | Wisp |
| 7:54 | Wisp |
| 8:27 | Dryad |
| 8:27 | Druid of the Talon |
| 8:37 | Wisp |
| 8:37 | Wisp |
| 8:55 | Entangling Roots |
| 8:59 | Dryad |
| 9:06 | Searing Arrows |
| 9:24 | Dryad |
| 9:25 | Druid of the Talon |
| 9:41 | Abolish Magic |
| 9:42 | Druid of the Talon |
| 9:44 | Ancient of Wonders |
| 10:28 | Dryad |
| 10:46 | Dryad |
| 10:48 | Tree of Eternity |
| 10:56 | Archer |
| 10:56 | Improved Bows |
| 11:06 | Faerie Dragon |
| 11:07 | Lesser Clarity Potion |
| 11:13 | Potion of Mana |
| 11:25 | Moonstone |
| 11:29 | Archer |
| 11:32 | Faerie Dragon |
| 11:41 | Strength of the Wild |
| 13:19 | Wisp |
| 13:19 | Wisp |
| 13:22 | Dryad |
| 13:24 | Chimaera Roost |
| 13:26 | Chimaera Roost |
| 13:28 | Faerie Dragon |
| 13:29 | Dryad |
| 13:29 | Lesser Clarity Potion |
| 13:32 | Orb of Venom |
| 13:35 | Scroll of Town Portal |
| 13:50 | Staff of Preservation |
| 14:24 | Trueshot Aura |
| 14:42 | Dryad |
| 14:55 | Chimaera |
| 15:09 | Force of Nature |
| 15:15 | Potion of Lesser Invulnerability |
| 15:38 | Chimaera |
| 15:40 | Moon Well |
| 16:09 | Chimaera |
| 16:28 | Searing Arrows |
| 16:41 | Chimaera |
| 16:41 | Corrosive Breath |
| 17:06 | Wisp |
| 17:07 | Wisp |
| 17:08 | Moon Well |
| 17:32 | Moon Well |
| 17:36 | Hippogryph |
| 18:20 | Chimaera |
| 19:45 | Trueshot Aura |
| Right click | 1310 |
| Select group | 1003 |
| Select | 774 |
| Misc. action | 369 |
| Build/train/purchase | 101 |
| Assign group | 65 |
| Use ability | 63 |
| Item give/drop | 5 |
| Minimap ping | 4 |
| Esc | 2 |
78 units @ 12.5k
/ 1.6k
37 buildings @ 4.7k
/ 1.9k
Herzim
(7)
(19:50) : 

| Scroll of Regeneration | 4 | 400 |
| Scroll of Town Portal | 2 | 700 |
| Scroll of Healing | 3 | 750 |
| Scroll of Protection | 2 | 300 |
| total: | 11 | 2150g |
| Peasant | 19 | 1425 | / | 0 |
| Footman | 6 | 810 | / | 0 |
| Rifleman | 11 | 2255 | / | 330 |
| Priest | 4 | 540 | / | 40 |
| Spell Breaker | 5 | 1075 | / | 150 |
| Ice Troll Trapper | 1 | 200 | / | 20 |
| total: | 46 | 6305g | / | 540w |
| Scout Tower | 6 | 180 | / | 120 |
| Arcane Tower | 2 | 140 | / | 100 |
| Guard Tower | 1 | 70 | / | 50 |
| Altar of Kings | 1 | 180 | / | 50 |
| Farm | 10 | 800 | / | 200 |
| Barracks | 2 | 320 | / | 120 |
| Lumber Mill | 1 | 120 | / | 0 |
| Arcane Vault | 1 | 130 | / | 30 |
| Blacksmith | 1 | 140 | / | 60 |
| Town Hall | 2 | 770 | / | 410 |
| Arcane Sanctum | 2 | 300 | / | 280 |
| Keep | 1 | 320 | / | 210 |
| total: | 26 | 2940g | / | 1270w |
| 0:02 | Peasant |
| 0:06 | Altar of Kings |
| 0:14 | Peasant |
| 0:19 | Farm |
| 0:20 | Barracks |
| 0:24 | Peasant |
| 0:52 | Farm |
| 0:54 | Peasant |
| 0:54 | Peasant |
| 1:16 | Peasant |
| 1:23 | Footman |
| 1:40 | Farm |
| 1:42 | Footman |
| 1:46 | Peasant |
| 2:00 | Peasant |
| 2:07 | Summon Water Elemental |
| 2:20 | Peasant |
| 2:21 | Footman |
| 2:43 | Scout Tower |
| 3:18 | Arcane Tower |
| 3:20 | Scout Tower |
| 3:25 | Keep |
| 3:45 | Footman |
| 3:56 | Arcane Tower |
| 3:58 | Farm |
| 4:01 | Lumber Mill |
| 4:04 | Farm |
| 4:06 | Brilliance Aura |
| 4:09 | Ice Troll Trapper |
| 4:27 | Footman |
| 4:41 | Arcane Vault |
| 5:16 | Blacksmith |
| 5:19 | Footman |
| 5:53 | Summon Water Elemental |
| 6:00 | Town Hall |
| 6:11 | Scout Tower |
| 6:12 | Scout Tower |
| 6:19 | Scroll of Regeneration |
| 7:00 | Peasant |
| 7:00 | Peasant |
| 7:01 | Improved Lumber Harvesting |
| 8:00 | Siphon Mana |
| 8:08 | Arcane Sanctum |
| 8:13 | Scroll of Regeneration |
| 8:26 | Farm |
| 8:54 | Rifleman |
| 9:22 | Rifleman |
| 9:45 | Long Rifles |
| 10:01 | Priest |
| 10:01 | Priest |
| 10:35 | Flame Strike |
| 10:38 | Brilliance Aura |
| 10:52 | Peasant |
| 10:52 | Peasant |
| 10:52 | Peasant |
| 10:55 | Rifleman |
| 10:58 | Barracks |
| 11:00 | Peasant |
| 11:00 | Peasant |
| 11:10 | Town Hall |
| 11:19 | Scout Tower |
| 11:23 | Scroll of Town Portal |
| 11:51 | Rifleman |
| 12:45 | Rifleman |
| 13:06 | Scroll of Regeneration |
| 13:10 | Spell Breaker |
| 13:20 | Peasant |
| 13:20 | Peasant |
| 13:27 | Rifleman |
| 13:38 | Rifleman |
| 13:48 | Guard Tower |
| 13:49 | Peasant |
| 14:03 | Spell Breaker |
| 14:11 | Scroll of Healing |
| 14:16 | Scroll of Protection |
| 14:23 | Farm |
| 14:24 | Farm |
| 14:29 | Black Gunpowder |
| 14:42 | Farm |
| 14:58 | Rifleman |
| 15:30 | Priest |
| 15:50 | Rifleman |
| 15:51 | Priest |
| 15:53 | Farm |
| 15:55 | Refined Gunpowder |
| 16:04 | Scroll of Regeneration |
| 16:26 | Scroll of Town Portal |
| 16:37 | Scout Tower |
| 17:04 | Flame Strike |
| 17:31 | Rifleman |
| 17:33 | Spell Breaker |
| 17:33 | Spell Breaker |
| 17:35 | Arcane Sanctum |
| 18:02 | Rifleman |
| 18:14 | Studded Leather Armor |
| 18:54 | Scroll of Healing |
| 18:54 | Scroll of Protection |
| 19:36 | Spell Breaker |
| 19:42 | Scroll of Healing |
| Right click | 1615 |
| Select group | 857 |
| Select | 476 |
| Build/train/purchase | 146 |
| Misc. action | 145 |
| Assign group | 70 |
| Use ability | 22 |
| Resource trade | 11 |
| Item give/drop | 3 |
| Minimap ping | 3 |


| Rod of Necromancy | 6 | 900 |
| Potion of Healing | 1 | 150 |
| Scroll of Town Portal | 1 | 350 |
| total: | 8 | 1400g |
| Acolyte | 2 | 150 | / | 0 |
| Ghoul | 4 | 480 | / | 0 |
| Crypt Fiend | 14 | 3010 | / | 560 |
| Obsidian Statue | 9 | 1800 | / | 315 |
| Abomination | 3 | 720 | / | 210 |
| total: | 32 | 6160g | / | 1085w |
| Nerubian Tower | 1 | 100 | / | 20 |
| Altar of Darkness | 1 | 180 | / | 50 |
| Ziggurat | 5 | 750 | / | 250 |
| Crypt | 1 | 200 | / | 50 |
| Tomb of Relics | 1 | 130 | / | 30 |
| Graveyard | 1 | 215 | / | 0 |
| Slaughterhouse | 2 | 280 | / | 270 |
| Halls of the Dead | 1 | 320 | / | 210 |
| Black Citadel | 1 | 325 | / | 230 |
| total: | 11 | 1755g | / | 650w |
| 0:02 | Acolyte |
| 0:06 | Altar of Darkness |
| 0:12 | Ziggurat |
| 0:16 | Acolyte |
| 0:31 | Crypt |
| 0:46 | Tomb of Relics |
| 1:14 | Ziggurat |
| 1:28 | Graveyard |
| 1:37 | Ghoul |
| 1:52 | Ghoul |
| 2:03 | Ghoul |
| 2:16 | Rod of Necromancy |
| 2:29 | Ghoul |
| 2:40 | Death Coil |
| 2:58 | Crypt Fiend |
| 3:06 | Nerubian Tower |
| 3:33 | Halls of the Dead |
| 3:46 | Rod of Necromancy |
| 4:10 | Crypt Fiend |
| 4:38 | Ziggurat |
| 4:49 | Unholy Aura |
| 5:09 | Crypt Fiend |
| 5:09 | Crypt Fiend |
| 6:16 | Slaughterhouse |
| 6:19 | Ziggurat |
| 6:53 | Death Coil |
| 7:15 | Crypt Fiend |
| 7:16 | Rod of Necromancy |
| 7:19 | Frost Nova |
| 8:10 | Obsidian Statue |
| 8:10 | Obsidian Statue |
| 8:14 | Crypt Fiend |
| 9:44 | Crypt Fiend |
| 9:44 | Crypt Fiend |
| 9:44 | Crypt Fiend |
| 10:02 | Crypt Fiend |
| 10:02 | Crypt Fiend |
| 10:10 | Dark Ritual |
| 10:54 | Black Citadel |
| 10:56 | Obsidian Statue |
| 10:56 | Obsidian Statue |
| 11:10 | Rod of Necromancy |
| 11:11 | Potion of Healing |
| 11:29 | Scroll of Town Portal |
| 11:46 | Ziggurat |
| 13:19 | Destroyer Form |
| 13:23 | Slaughterhouse |
| 13:30 | Crypt Fiend |
| 13:52 | Crypt Fiend |
| 14:06 | Crypt Fiend |
| 14:34 | Obsidian Statue |
| 14:48 | Obsidian Statue |
| 15:00 | Rod of Necromancy |
| 15:18 | Obsidian Statue |
| 15:37 | Unholy Aura |
| 15:55 | Obsidian Statue |
| 15:57 | Disease Cloud |
| 16:11 | Rod of Necromancy |
| 16:30 | Abomination |
| 17:38 | Obsidian Statue |
| 18:28 | Abomination |
| 18:28 | Abomination |
| 19:03 | Frost Nova |
| Right click | 1093 |
| Select | 372 |
| Build/train/purchase | 92 |
| Misc. action | 75 |
| Select group | 53 |
| Use ability | 39 |
| Assign group | 18 |
| Resource trade | 5 |
| Item give/drop | 3 |
| Remove unit | 1 |
โ